 Dungeon Crawl Stone Soup version 0.29-a0-886-gfb1a3fa8b1 (webtiles) character file.

Game seed: 17673318984053297082

1519 BlueGoblin the Skirmisher (level 9, -2/74 HPs)
             Began as a Meteoran Hunter on July 21, 2022.
             Was an Initiate of Qazlal.
             Killed from afar by a steam dragon (19 damage)
             ... with a ball of steam
             ... on level 7 of the Dungeon.
             The game lasted 00:07:47 (3476 turns).

BlueGoblin the Skirmisher (Meteoran Hunter)         Turns: 3476, Time: 00:07:48

Health: -2/74      AC:  7    Str: 10 (12) XL:     9   Next: 31%
Magic:  10/10      EV: 14    Int: 12 (13) God:    Qazlal [......]
Gold:   283        SH:  0    Dex: 20 (21) Spells: 5/8 levels left

rFire   . . .      SeeInvis .   A - +0 long sword
rCold   . . .      Faith    .   (no shield)
rNeg    . . .      Spirit   .   c - +0 leather armour
rPois   .          Reflect  .   (no helmet)
rElec   .          Harm     .   (no cloak)
rCorr   .          Rampage  .   (no gloves)
Will    +....                   (no boots)
Stlth   +.........              (no amulet)
HPRegen 0.22/turn               m - +4 ring of slaying
MPRegen 0.12/turn               t - +4 ring of protection

@: glowing
A: sense surroundings 2, otherworldly, glowing, explore regen
a: Renounce Religion


You were on level 7 of the Dungeon.
You worshipped Qazlal.
Qazlal was noncommittal.
You visited 2 branches of the dungeon, and saw 8 of its levels.

You collected 283 gold pieces.

Inventory:

Hand Weapons
 a - a +0 shortbow
 d - a +0 dagger
 A - a +0 long sword (weapon)
Armour
 c - a +0 leather armour (worn)
Jewellery
 e - a ring of flight
 m - a +4 ring of slaying (left hand)
 t - a +4 ring of protection (right hand)
Wands
 r - a wand of flame (24)
 w - a wand of charming (10)
 B - a wand of acid (11)
Scrolls
 b - 2 scrolls of immolation
 f - 4 scrolls of identify
 h - a scroll of noise {unknown}
 j - a scroll of fog {unknown}
 n - 3 scrolls of enchant weapon
Potions
 g - a potion of mutation {unknown}
 i - 2 potions of haste
 k - a potion of curing
 l - 2 potions of degeneration
 o - a potion of magic
 p - a potion of heal wounds
 q - 4 potions of lignification {unknown}
 s - a potion of cancellation {unknown}
 u - 3 potions of resistance {unknown}
 v - a potion of flight {unknown}
 z - 3 potions of attraction {unknown}


   Skills:
 + Level 5.2 Fighting
 + Level 10.6 Ranged Weapons
 + Level 3.2 Armour
 + Level 4.1 Dodging
 - Level 0.6 Stealth


You had 5 spell levels left.
You knew the following spells:

 Your Spells              Type           Power      Damage    Failure   Level
a - Swiftness             Air            0%         N/A       78%         3

Your spell library contained the following spells:

 Spells                   Type           Power      Damage    Failure   Level
 Freeze                   Ice            0%         1d3       41%         1
 Shock                    Conj/Air       0%         1d3       41%         1
 Slow                     Hex            0%         N/A       41%         1
 Sublimation of Blood     Necr           0%         N/A       54%         2
 Wereblood                Tmut           0%         N/A       54%         2
 Confusing Touch          Hex            0%         N/A       78%         3
 Frozen Ramparts          Ice            0%         1d2       78%         3
 Gell's Gravitas          Tloc           0%         N/A       78%         3
 Stone Arrow              Conj/Erth      0%         3d7       78%         3
 Teleport Other           Tloc           0%         N/A       78%         3
 Vampiric Draining        Necr           0%         2d6       78%         3
 Airstrike                Air            0%         0-1+      99%         4
 Animate Armour           Summ/Erth      0%         N/A       99%         4
 Animate Dead             Necr           0%         N/A       99%         4
 Corpse Rot               Necr/Pois/Air  0%         N/A       99%         4
 Dispel Undead            Necr           0%         3d6       99%         4
 Hailstorm                Conj/Ice       0%         3d3       99%         4
 Death Channel            Necr           0%         N/A       100%        6
 Dispersal                Tloc           0%         N/A       100%        6
 Haunt                    Necr/Summ      0%         N/A       100%        7
 Summon Hydra             Summ           0%         N/A       100%        7
 Infestation              Necr           0%         N/A       100%        8
 Lehudib's Crystal Spear  Conj/Erth      0%         10d2      100%        8


Dungeon Overview and Level Annotations

Branches:
Dungeon (7/15) Zot: 906    Temple (1/1) D:7 Zot: 578

Altars:
Ashenzari
Cheibriados
Dithmenos
Elyvilon
Gozag
Kikubaaqudgha
Makhleb
Qazlal
Ru
Sif Muna
Uskayaw
Wu Jian
Xom
Yredelemnul

Annotations:
D:2 1 runed translucent door, Crazy Yiuf
D:3 2 transporters
D:4 3 runed translucent doors, fly's ghost, amateur FoDe; hackon's ghost, amateur MfGl; ouz's ghost, amateur VSGl
D:5 3 runed translucent doors, RichitheSlayer's ghost, novice FoFi


Innate Abilities, Weirdness & Mutations

You passively map the area around you.
You are easily found by Zot.
You glow in the dark.
You regain HP and MP as you explore.


Message History

You feel yourself slow down.
There is a stormy altar of Qazlal here.
You kneel at the altar of Qazlal.
Qazlal welcomes you!
Qazlal grants you and your divine allies immunity to clouds.
There is an open door here.
There is a staircase back to the Dungeon here.
You climb upwards.
Welcome back to the Dungeon!
There is a staircase to the Ecumenical Temple here.
r - a wand of flame (24)
You pick up a book of Death and begin reading...
You add the spells Animate Dead, Haunt and Infestation to your library.
A steam dragon comes into view.
A shadow imp comes into view.
Found 12 gold pieces.
The shadow imp shouts!
The steam dragon bites you. The steam dragon misses you.
You hit the steam dragon but do no damage.
The steam dragon bites you. The steam dragon barely misses you.
You hit the steam dragon but do no damage.
The steam dragon barely misses you. The steam dragon misses you.
The steam dragon breathes steam at you. The ball of steam hits you!!
The shadow imp puffs mist at you.
You barely miss the steam dragon. The steam dragon breathes steam at you.
The ball of steam hits you!
You are too injured to fight recklessly!
You barely miss the steam dragon. The steam dragon completely misses you.
The steam dragon misses you. The steam dragon bites you.
The steam dragon claws you but does no damage.
You barely miss the steam dragon. The steam dragon bites you.
* * * LOW HITPOINT WARNING * * *
The steam dragon claws you.
* * * LOW HITPOINT WARNING * * *
You hit the steam dragon.
The steam dragon is lightly wounded.
The steam dragon breathes steam at you. The ball of steam hits you!!
You die...

,*#..#(#.#.#.............,
* #
,,#...#.>.#..#..#########
, ,..(.#.#.#.#....# ,
.##..#.#.#..#.## ** *
,#...#.#...#.## ,,,
*,#.........#..# *,** , ,
* ,###.##...###.## ,, ** ,
#....### #..# ....## ##@#
* * * . #.# #D#, , , #.**
** .5. * * , .$... * *
......# , , ,.......# , ,
........# * * #........#
*, , ,, , ,, * ,


You could see a steam dragon (catching breath) and a shadow imp.

Vanquished Creatures
  An orc warrior (D:7)
  4 black bears
  A sky beast (D:7)
  2 ogres
  3 scorpions
  A necrophage (D:6)
  4 hounds
  4 orc priests
  Jessica (D:2)
  4 iguanas
  An orc wizard (D:5)
  8 gnolls
  An adder (D:6)
  3 worms
  4 dart slugs
  14 orcs
  10 ball pythons
  3 bats
  9 endoplasms
  5 giant cockroaches
  5 goblins
  4 hobgoblins
  3 kobolds
  2 quokkas
  A frilled lizard (D:3)
  3 rats
101 creatures vanquished.

Notes
Turn   | Place    | Note
-------+----------+-------------------------------------------
     0 | D:1      | BlueGoblin the Meteoran Hunter began the quest for the Orb.
     0 | D:1      | Reached XP level 1. HP: 17/17 MP: 2/2
    18 | D:1      | Reached XP level 2. HP: 21/24 MP: 3/3
    56 | D:1      | Reached skill level 5 in Ranged Weapons
    70 | D:1      | Reached XP level 3. HP: 30/30 MP: 4/4
   125 | D:1      | Found a faded altar of an unknown god.
   486 | D:1      | Glimpsed the power of Zot.
   657 | D:2      | Found a runed translucent door.
   658 | D:2      | Noticed Crazy Yiuf
   687 | D:2      | Reached XP level 4. HP: 37/37 MP: 5/5
   886 | D:2      | Noticed Jessica
   888 | D:2      | Killed Jessica
   973 | D:2      | Reached skill level 6 in Ranged Weapons
  1077 | D:2      | Glimpsed the power of Zot.
  1133 | D:3      | Reached XP level 5. HP: 42/42 MP: 6/6
  1175 | D:3      | Found an ornate altar of the Wu Jian Council.
  1176 | D:3      | Found a white marble altar of Elyvilon.
  1176 | D:3      | Noticed a water moccasin
  1188 | D:3      | Found a transporter.
  1253 | D:3      | Reached skill level 1 in Armour
  1326 | D:3      | Found a transporter.
  1335 | D:3      | Reached XP level 6. HP: 50/50 MP: 7/7
  1493 | D:3      | Learned a level 3 spell: Swiftness
  1670 | D:3      | Glimpsed the power of Zot.
  1812 | D:4      | Noticed a black bear
  1816 | D:4      | Killed a black bear
  1817 | D:4      | Reached skill level 7 in Ranged Weapons
  1839 | D:4      | Found a shimmering altar of Xom.
  1985 | D:4      | Found a runed translucent gate.
  1985 | D:4      | Found a runed translucent gate.
  1985 | D:4      | Found a runed translucent gate.
  1986 | D:4      | Noticed hackon's ghost (amateur MfGl)
  1987 | D:4      | Noticed ouz's ghost (amateur VSGl)
  1987 | D:4      | Noticed fly's ghost (amateur FoDe)
  2171 | D:5      | Entered Level 5 of the Dungeon
  2249 | D:5      | Reached XP level 7. HP: 57/57 MP: 8/8
  2284 | D:5      | Reached skill level 8 in Ranged Weapons
  2413 | D:5      | Found a shimmering blue altar of Sif Muna.
  2506 | D:5      | Found a runed translucent gate.
  2507 | D:5      | Found a runed translucent gate.
  2507 | D:5      | Noticed RichitheSlayer's ghost (novice FoFi)
  2508 | D:5      | Found a runed translucent gate.
  2600 | D:5      | Found an opulent altar of Gozag.
  2748 | D:5      | Reached XP level 8. HP: 66/66 MP: 9/9
  2854 | D:5      | Glimpsed the power of Zot.
  2904 | D:5      | Glimpsed the power of Zot.
  2944 | D:5      | Glimpsed the power of Zot.
  2954 | D:5      | Touched by the power of Zot.
  3009 | D:6      | Reached skill level 9 in Ranged Weapons
  3113 | D:6      | Found a burning altar of Makhleb.
  3201 | D:6      | Gained mutation: You passively map the area around you.
                  | [Meteoran growth]
  3201 | D:6      | Reached XP level 9. HP: 59/72 MP: 10/10
  3240 | D:6      | Reached skill level 10 in Ranged Weapons
  3400 | D:7      | Reached skill level 5 in Fighting
  3419 | D:7      | Found a staircase to the Ecumenical Temple.
  3428 | Temple   | Entered the Ecumenical Temple
  3442 | Temple   | Became a worshipper of Qazlal Stormbringer
  3476 | D:7      | Killed from afar by a steam dragon

Illustrated notes

Levels and vault maps discovered:
D:1:      pf_arrival_petrified_forest, layout_basic,
          hellmonk_ecumenical_altar_run_dry
D:2:      layout_loops_ring, minmay_misc_feat_columns, minmay_pentomino_t2,
          uniq_jessica, uniq_crazy_yiuf_cottage
D:3:      layout_loops_ring, gammafunk_temple_overflow_arena,
          cheibrodos_gnoll_hut
D:4:      layout_basic, tgw_xom, gammafunk_ghost_cemetery
D:5:      layout_basic, nicolae_overflow_crystal_walls,
          mainiacjoe_overflow_alcove_1, gammafunk_ghost_nasty_kobolds,
          reono_crystal_passage
D:6:      layout_rooms, lemuel_tele_altar
D:7:      layout_rooms, nzn_hepliaklqana_mist_gate, minmay_temple_entry_grid
Temple:   hellmonk_temple_forest_ring

Skill      XL: |  1  2  3  4  5  6  7  8  9 |
---------------+----------------------------+-----
Ranged Weapons | 5 6 7 8 9 10 | 10.6
Armour         | 1 2 3 |  3.2
Fighting       | 3 4 5 |  5.2
Dodging        | 3 4 |  4.1
Stealth        | |  0.6

Action                   |  1- 3 |  4- 6 |  7- 9 || total
-------------------------+-------+-------+-------++-------
Melee: Long sword        |       |       |    19 ||    19
 Fire: Shortbow          |    63 |    95 |   136 ||   294
  Use: Scroll            |       |       |     8 ||     8
       Potion            |       |       |     6 ||     6
Armor: Leather armour    |     6 |    24 |    24 ||    54
Dodge: Dodged            |     7 |    13 |    45 ||    65

Table legend: (Time is in decaauts)
 A = Elapsed time spent in this place.
 B = Non-inter-level travel time spent in this place.
 C = Inter-level travel time spent in this place.
 D = Time resting spent in this place.
 E = Time spent auto-exploring this place.
 F = Levels seen in this place.
 G = Mean time per level.
                   A        B        C        D        E       F      G
               +--------+--------+--------+--------+--------+-----+--------+
         Total |   3514 |   3304 |    210 |      0 |   2661 |   8 |  439.2 |
       Dungeon |   3492 |   3292 |    200 |      0 |   2661 |   7 |  498.9 |
        Temple |     21 |     11 |     10 |      0 |      0 |   1 |   21.0 |
               +--------+--------+--------+--------+--------+-----+--------+

Top non-repeatable levels by time:
     D:5: 815 daAuts
     D:2: 629 daAuts
     D:3: 593 daAuts
     D:1: 518 daAuts
     D:4: 466 daAuts
     D:6: 363 daAuts
     D:7: 106 daAuts
  Temple: 21 daAuts
